 Dungeon Crawl Stone Soup version 0.29-a0-866-g0545e20025 (webtiles) character file.

Game seed: 3840134332261484989

1866 Malachi the Grappler (level 8, -4/65 (74) HPs)
             Began as a Troll Monk on July 17, 2022.
             Was a Priest of Ru.
             Slain by a wight
             ... wielding a +2 flail
              (10 damage)
             ... on level 7 of the Dungeon.
             The game lasted 00:05:49 (4627 turns).

Malachi the Grappler (Troll Monk)                   Turns: 4627, Time: 00:05:50

HP:   -4/65 (74)    AC:  5    Str: 22    XL:     8   Next: 90%
MP:   7/7           EV:  9    Int:  6    God:    Ru [***...]
Gold: 251           SH:  0    Dex: 12    Spells: 7/7 levels left

rFire   . . .      SeeInvis +     - Unarmed
rCold   . . .      Faith    .   (no shield)
rNeg    . . .      Spirit   .   a - +0 robe
rPois   .          Reflect  .   (helmet restricted)
rElec   .          Harm     .   l - +0 cloak
rCorr   .          Rampage  .   (gloves unavailable)
Will    .....                   (boots unavailable)
Stlth   ++........              B - amulet of the acrobat
HPRegen 1.00/turn               w - ring of see invisible
MPRegen 0.10/turn               (no ring)

@: exhausted, heavily drained
A: large, unfitting armour, claws 3, regeneration 1, shaggy fur 1, tough skin 1,
hated by all, inability to train dodging
a: Renounce Religion, Draw Out Power


You were on level 7 of the Dungeon.
You worshipped Ru.
Ru was most pleased with you.
You visited 2 branches of the dungeon, and saw 8 of its levels.

You collected 251 gold pieces.

Inventory:

Armour
 a - a +0 robe (worn)
 l - a +0 cloak (worn)
 t - a +0 kite shield
Jewellery
 w - a ring of see invisible (left claw)
 B - an amulet of the acrobat (around neck)
Wands
 s - a wand of quicksilver (6)
 y - a wand of paralysis (3)
 z - a wand of roots (11)
Scrolls
 c - 6 scrolls of teleportation
 d - a scroll of enchant weapon
 g - a scroll of magic mapping
 h - 3 scrolls of poison
 i - a scroll of enchant armour
 o - a scroll of acquirement {unknown}
 r - a scroll of fog
 v - 2 scrolls of immolation
Potions
 b - a potion of ambrosia
 e - a potion of brilliance {unknown}
 f - 5 potions of curing {unknown}
 j - a potion of attraction {unknown}
 k - 2 potions of lignification {unknown}
 m - 4 potions of might {unknown}
 n - 2 potions of haste {unknown}
 p - a potion of flight {unknown}
 q - 2 potions of cancellation {unknown}
 u - a potion of resistance {unknown}
 x - 3 potions of mutation {unknown}


   Skills:
 - Level 2.4 Fighting
 - Level 1.0 Stealth
 + Level 11.9 Unarmed Combat


You had 7 spell levels left.
You didn't know any spells.
Your spell library contained the following spells:

 Spells                   Type           Power      Damage    Failure   Level
 Necrotise                Necr           0%         1d4       45%         1
 Blink                    Tloc           0%         N/A       58%         2
 Lesser Beckoning         Tloc           0%         N/A       83%         3
 Vampiric Draining        Necr           0%         2d6       83%         3
 Agony                    Necr           0%         N/A       100%        5
 Manifold Assault         Tloc           0%         N/A       100%        5


Dungeon Overview and Level Annotations

Branches:
Dungeon (7/15)             Temple (1/1) D:4

Altars:
Ashenzari
Cheibriados
Nemelex Xobeh
Okawaru
Ru
Sif Muna
Trog
Uskayaw
Wu Jian
Zin
The Shining One


Innate Abilities, Weirdness & Mutations

You are too large for most types of armour.
You have claws for hands.
Your natural rate of healing is unusually fast.
You are covered in fur. (AC +1)
You have tough skin. (AC +1)
You are hated by all.
You cannot train Dodging skill.


Message History

You scratch the wight but do no damage.
The wight is severely damaged.
The wight hits you with a +0 battleaxe!
You feel drained.
You focus your inner power and slow the wight in retribution!
You mangle the wight!!
You destroy the wight!
The wight hits you with a +3 dagger!
You feel drained.
You claw the wight!
You destroy the wight!
You redirect the wight's attack!
The wight barely misses itself.
Things that are here:
a +0 battleaxe; a +0 robe You barely miss the wight.
The wight hits you with a +2 flail!
You closely miss the wight. The wight hits you with a +2 flail!
You feel drained.
You are too injured to fight recklessly!
You are too injured to fight recklessly!
You are too injured to fight recklessly!
You are too injured to fight recklessly!
You are too injured to fight recklessly!
You are too injured to fight recklessly!
You are too injured to fight recklessly!
You are too injured to fight recklessly!
Unknown command.
You are restored by drawing out deep reserves of power within.
You feel drained.
A wight comes into view. It is wielding a +0 short sword.
The wight is stunned by your conviction and fails to attack.
The wight hits you with a +1 morningstar.
The wight closely misses you.
You completely miss the wight.
The wight hits you with a +0 long sword!
You feel drained.
The wight hits you with a +1 morningstar!
* * * LOW HITPOINT WARNING * * *
The wight hits you with a +2 flail!
* * * LOW HITPOINT WARNING * * *
The wight attacks as you move away! The wight hits you with a +2 flail!
You die...

#.... ..... ##....###
.... . #.......##..#
..#........†.#
...........†.#
.......†....## #.
.......†.....####...
.......).............
......z@.##..........
....!.zz.##..........
......#..#........8.
....................
#......##.......##8
.......###......#
###.........z...#
##.........<..#
....#.......#


You could see 4 wights.

Vanquished Creatures
  Grinder (D:5)
  Eustachio (D:5)
  2 water moccasins
  An ice beast (D:6)
  A sky beast (D:6)
  A black bear (D:6)
  A phantom (D:6)
  A necrophage (D:5)
  2 scorpions (D:5)
  2 wights (D:7)
  3 howler monkeys (D:7)
  3 hounds
  2 jellies (D:5)
  2 orc priests
  5 iguanas
  4 orc wizards
  8 adders
  A shadow imp (D:7)
  A white imp (D:5)
  3 dart slugs
  16 orcs
  7 endoplasms
  2 giant cockroaches
  9 goblins
  5 hobgoblins
  3 kobolds
  A quokka (D:1)
  10 ball pythons
  7 bats
  4 frilled lizards
  2 rats
111 creatures vanquished.

Notes
Turn   | Place    | Note
-------+----------+-------------------------------------------
     0 | D:1      | Malachi the Troll Monk began the quest for the Orb.
     0 | D:1      | Reached XP level 1. HP: 22/22 MP: 0/0
   217 | D:1      | Reached XP level 2. HP: 29/29 MP: 1/1
   428 | D:1      | Reached skill level 4 in Unarmed Combat
   712 | D:2      | Reached XP level 3. HP: 36/36 MP: 2/2
  1220 | D:2      | Found a faded altar of an unknown god.
  1480 | D:3      | Found a hide-covered altar of Uskayaw.
  1705 | D:3      | Reached skill level 5 in Unarmed Combat
  1705 | D:3      | Reached XP level 4. HP: 36/44 MP: 3/3
  1960 | D:4      | Found a staircase to the Ecumenical Temple.
  2003 | Temple   | Entered the Ecumenical Temple
  2191 | Temple   | Became a worshipper of Ru the Awakened
  2217 | D:4      | Gained mutation: You cannot train Dodging skill. [Ru
                  | sacrifice]
  2217 | D:4      | Reached * piety under Ru
  2233 | D:4      | Found a bloodstained altar of Trog.
  2626 | D:4      | Reached skill level 6 in Unarmed Combat
  2626 | D:4      | Reached XP level 5. HP: 45/50 MP: 4/4
  2916 | D:5      | Entered Level 5 of the Dungeon
  3010 | D:5      | Reached XP level 6. HP: 57/59 MP: 5/5
  3077 | D:5      | Reached skill level 7 in Unarmed Combat
  3101 | D:5      | Noticed Grinder
  3120 | D:5      | Paralysed by Grinder for 5 turns
  3129 | D:5      | Killed Grinder
  3179 | D:5      | Noticed Eustachio
  3188 | D:5      | Killed Eustachio
  3189 | D:5      | Reached skill level 8 in Unarmed Combat
  3189 | D:5      | Reached XP level 7. HP: 52/66 MP: 6/6
  3337 | D:5      | Found a blossoming altar of Fedhas.
  3466 | D:5      | Reached skill level 9 in Unarmed Combat
  3723 | D:6      | Reached XP level 8. HP: 74/74 MP: 7/7
  3743 | D:6      | Reached skill level 10 in Unarmed Combat
  4154 | D:6      | Gained mutation: You are hated by all. [Ru sacrifice]
  4154 | D:6      | Reached ** piety under Ru
  4154 | D:6      | Reached *** piety under Ru
  4514 | D:6      | Reached skill level 11 in Unarmed Combat
  4627 | D:7      | Slain by a wight

Illustrated notes

Levels and vault maps discovered:
D:1:      onia_arrival_pentagram, layout_basic
D:2:      layout_loops_ring, nicolae_ecumenical_oubliette, grunt_ministairs_14
D:3:      minmay_wonky_spiral, layout_rooms, eat_drink_and_be_merry_uskayaw
D:4:      layout_basic, mainiacjoe_overflow_tiny_flanked,
          minmay_temple_entry_glass, chequers_hall_statues_corner_a,
          minmay_misc_feat_encased, interstate_on_off
D:5:      layout_basic, lemuel_tele_altar, kennysheep_small_spiral,
          uniq_grinder, uniq_eustachio
D:6:      layout_cave_pods, hangedman_abyss_or_decor_passed,
          kennysheep_generic_room_12
D:7:      layout_cave_pools, amcnicky_altar_gilded, serial_column_ruins,
          column_ruins_grid_1, column_ruins_corridor_straight,
          column_ruins_open_small, gammafunk_ghost_gnarly_gnolls
Temple:   grunt_temple_mini_profane

Skill      XL: |  1  2  3  4  5  6  7  8 |
---------------+-------------------------+-----
Unarmed Combat | 4 5 6 8 9 11 | 11.9
Dodging        | 0 |  0.0
Fighting       | |  2.4
Stealth        | |  1.0

Action                   |  1- 3 |  4- 6 |  7- 9 || total
-------------------------+-------+-------+-------++-------
Melee: Unarmed           |    94 |    97 |   108 ||   299
       Punch             |     2 |     4 |     2 ||     8
Invok: Sacrifice Nimblen |       |     1 |       ||     1
       Draw Out Power    |       |       |     1 ||     1
       Sacrifice Love    |       |       |     1 ||     1
  Use: Scroll            |       |       |     8 ||     8
 Stab: Sleeping          |     5 |     3 |     3 ||    11
       Distracted        |     1 |       |       ||     1
Armor: Robe              |    31 |    26 |    25 ||    82
Dodge: Dodged            |    50 |    35 |    37 ||   122

Table legend: (Time is in decaauts)
 A = Elapsed time spent in this place.
 B = Non-inter-level travel time spent in this place.
 C = Inter-level travel time spent in this place.
 D = Time resting spent in this place.
 E = Time spent auto-exploring this place.
 F = Levels seen in this place.
 G = Mean time per level.
                   A        B        C        D        E       F      G
               +--------+--------+--------+--------+--------+-----+--------+
         Total |   4589 |   4357 |    232 |      0 |   3626 |   8 |  573.6 |
       Dungeon |   4376 |   4168 |    208 |      0 |   3441 |   7 |  625.1 |
        Temple |    212 |    188 |     24 |      0 |    185 |   1 |  212.0 |
               +--------+--------+--------+--------+--------+-----+--------+

Top non-repeatable levels by time:
     D:6: 907 daAuts
     D:4: 783 daAuts
     D:5: 730 daAuts
     D:1: 692 daAuts
     D:2: 671 daAuts
     D:3: 542 daAuts
  Temple: 212 daAuts
     D:7: 49 daAuts
